cohdb
Replays
Latest Replays
All Replays
Popular Replays
Top Player Replays
Match Explorer
How It Works
Community
CoH3 Stats
Reddit
Sign in to upload your games and track your stats! →
Sign in with Steam
Match 33053703
Unlisted
Match 33053703
Overview
Messages
Build Orders
End
Selects Armored Battlegroup
Construct Weapon Support Center
Engineer Squad
M1919 Machine Gun Team
Selects Assault Engineers
Bazooka Squad
M1919 Machine Gun Team
Selects Fast Deploy
Mechanized Support Center
Construct Medical Station
M3 75 mm Gun Motor Carriage
M1919 Machine Gun Team
Construct Barracks
.30 cal Machine Gun
Riflemen Squad
Construct Motor Pool
Selects Field Repairs
JesusFist
CygNus
53np41
matrix4x4
ZELOT
zoids
KingerKv94
RiaHatamashy
0
0
Comments
sign in to comment!
No comments posted yet!